 Dungeon Crawl Stone Soup version 0.19.0-19-g8c6edcc (webtiles) character file.

417 Leszczynek the Cudgeler (level 6, -5/37 HPs)
             Began as a Tengu Arcane Marksman on Nov 12, 2016.
             Slain by Sigmund
             ... wielding a +0 scythe
              (7 damage)
             ... on level 4 of the Dungeon.
             The game lasted 00:13:04 (5025 turns).

Leszczynek the Cudgeler (Tengu Arcane Marksman)     Turns: 5025, Time: 00:13:05

Health: -5/37      AC:  7    Str: 12 (13) XL:     6   Next: 92%
Magic:  8/8        EV: 11    Int: 12 (14) God:
Gold:   216        SH:  0    Dex: 12 (13) Spells: 1 memorised, 6 levels left

rFire  + . .     SeeInvis .     a - +0 flail
rCold  . . .     Gourm    .     h - +0 ring mail
rNeg   . . .     Faith    .     (no shield)
rPois  .         Spirit   .     v - +2 hat
rElec  .         Reflect  .     (no cloak)
rCorr  .         Harm     .     (no gloves)
MR     .....                    (boots unavailable)
Stlth  +.........               (no amulet)
                                (no ring)
                                s - ring of protection from fire

@: very slightly contaminated
A: beak, talons 3, able to fly 1
a: Fly


You were on level 4 of the Dungeon.
You were hungry.

You visited 1 branch of the dungeon, and saw 4 of its levels.

You collected 216 gold pieces.

Inventory:

Hand Weapons
 a - a +0 flail (weapon)
 b - a +0 shortbow
 k - a +0 whip of flaming
 n - a +2 hand axe of chopping
 q - a +2 short sword of venom
 t - a +0 blowgun
Missiles
 f - 63 arrows
 u - 20 poisoned needles
Armour
 e - a +0 robe
 h - a +0 ring mail (worn)
 v - a +2 hat (worn)
Magical Staves
 c - an uncursed staff of air {unknown}
Jewellery
 m - an uncursed ring of ice
 s - a ring of protection from fire (left hand)
Scrolls
 j - 3 scrolls of remove curse
Potions
 o - 2 potions of flight
Comestibles
 d - 2 bread rations
 p - 2 slices of pizza
 r - 2 meat rations


   Skills:
 - Level 3.0 Fighting
 + Level 5.7 Maces & Flails
 - Level 3.0 Bows
 - Level 3.2 Dodging
 - Level 1.0 Spellcasting
 - Level 2.1 Hexes


You had 6 spell levels left.
You knew the following spells:

 Your Spells              Type           Power        Failure   Level  Hunger
a - Corona                Hex            #......      34%         1    ##.....


Dungeon Overview and Level Annotations

Branches:
Dungeon (4/15)
 Temple: D:4-7

Altars:
Zin

Annotations:
D:3 arrows left, Grinder; junkhipster's ghost, amateur DsFi
D:4 Sigmund


Innate Abilities, Weirdness & Mutations

You have a beak for a mouth.
You have claws for feet.
You can fly.


Message History

You hit Sigmund but do no damage.
Sigmund is moderately wounded.
Sigmund barely misses you.
You hit Sigmund. You peck Sigmund.
Sigmund is heavily wounded.
Sigmund casts a spell at you. The puff of flame hits you! You resist.
You hit Sigmund. You claw Sigmund.
Sigmund is heavily wounded.
Sigmund gestures at you while chanting. The magic dart hits you!
* * * LOW HITPOINT WARNING * * *
You hit Sigmund but do no damage. You claw Sigmund.
Sigmund is heavily wounded.
Sigmund hits you with a scythe.
* * * LOW HITPOINT WARNING * * *
You hit Sigmund.
Sigmund is heavily wounded.
Sigmund hits you with a scythe!
You die...

#.....'.....
############+##.....
#....#.............@
#....#..............
#....#..............
#....#..............
#...##..............
#...#.....##'#######
#..@#.....#.........
#...@.....#.........
#...#.....'.........
#####.....#.........
#...#.....#.........
#...#.....#...######
#...#.....#...#
#...#.....#...#
#...#.....#...#


You could see Sigmund.

Vanquished Creatures
  A phantom (D:4)
  A centaur skeleton (D:4)
  An orc priest (D:3)
  Jessica (D:2)
  Ijyb (D:2)
  An orc wizard (D:3)
  A worker ant (D:4)
  6 adders
  An ooze (D:2)
  2 worms
  A dart slug (D:2)
  5 leopard geckos
  10 orcs (D:3)
  5 giant cockroaches
  4 goblins
  11 hobgoblins
  4 jackals (D:3)
  11 kobolds
  2 quokkas
  2 ball pythons (D:1)
  10 bats
  5 frilled lizards
  A leopard gecko skeleton (D:4)
  A quokka skeleton (D:4)
  9 rats
97 creatures vanquished.

Notes
Turn   | Place    | Note
-------+----------+-------------------------------------------
     0 | D:1      | Leszczynek the Tengu Arcane Marksman began the quest for the Orb.
     0 | D:1      | Reached XP level 1. HP: 12/12 MP: 3/3
   320 | D:1      | Reached skill level 2 in Fighting
   320 | D:1      | Reached XP level 2. HP: 8/17 MP: 4/4
  1052 | D:1      | Reached XP level 3. HP: 22/22 MP: 5/5
  1342 | D:1      | Reached skill level 3 in Fighting
  1904 | D:2      | Noticed Jessica
  2233 | D:2      | Killed Jessica
  2233 | D:2      | Reached skill level 3 in Dodging
  2233 | D:2      | Reached XP level 4. HP: 28/28 MP: 6/6
  2320 | D:2      | Reached skill level 3 in Bows
  2453 | D:2      | Reached skill level 1 in Maces & Flails
  2496 | D:2      | Noticed Ijyb
  2518 | D:2      | Killed Ijyb
  2518 | D:2      | Reached skill level 2 in Maces & Flails
  2518 | D:2      | Gained mutation: You can fly. [Tengu growth]
  2518 | D:2      | Reached XP level 5. HP: 28/32 MP: 7/7
  3027 | D:3      | Found a glowing silver altar of Zin.
  3038 | D:3      | Reached skill level 3 in Maces & Flails
  3450 | D:3      | Reached skill level 4 in Maces & Flails
  3450 | D:3      | Reached XP level 6. HP: 28/37 MP: 8/8
  3776 | D:3      | Noticed junkhipster's ghost (amateur DsFi)
  3803 | D:3      | Noticed Grinder
  4392 | D:4      | Reached skill level 5 in Maces & Flails
  4601 | D:4      | Noticed a phantom
  4648 | D:4      | Killed a phantom
  4947 | D:4      | Noticed Sigmund
  4948 | D:4      | ...
  5024 | D:4      | HP: 1/37 [Sigmund/scythe (6)]
  5025 | D:4      | Slain by Sigmund

Skill      XL: |  1  2  3  4  5  6 |
---------------+-------------------+-----
Fighting       | 2 3 |  3.0
Dodging        | 3 |  3.2
Bows           | 3 |  3.0
Maces & Flails | 2 4 5 |  5.7
Spellcasting   | |  1.0
Hexes          | |  2.1

Action                   |  1- 3 |  4- 6 || total
-------------------------+-------+-------++-------
Melee: Dagger            |    42 |       ||    42
       Kick              |    12 |    36 ||    48
       Unarmed           |     2 |       ||     2
       Peck              |     4 |    22 ||    26
       Short sword       |     7 |    11 ||    18
       Whip              |       |    49 ||    49
       Flail             |       |    98 ||    98
 Fire: Shortbow          |    89 |   101 ||   190
 Cast: Corona            |     1 |     1 ||     2
  Use: Potion            |     1 |     7 ||     8
       Scroll            |       |     7 ||     7
 Stab: Invisible         |       |     1 ||     1
  Eat: Chunk             |     3 |     8 ||    11
       Beef jerky        |       |     1 ||     1
Armor: Ring mail         |    46 |    75 ||   121
       Robe              |     1 |       ||     1
       Skin              |       |    10 ||    10
Dodge: Dodged            |    81 |   115 ||   196
